 Dungeon Crawl Stone Soup version 0.18.1-48-g4cf74bf (webtiles) character file.

150 quazi the Sneak (level 5, -3/39 HPs)
             Began as a Vampire Assassin on Aug 21, 2016.
             Was an Initiate of Yredelemnul.
             Killed from afar by Sigmund (8 damage)
             ... with a magic dart
             ... on level 3 of the Dungeon.
             The game lasted 00:22:57 (2854 turns).

quazi the Sneak (Vampire Assassin)                  Turns: 2854, Time: 00:22:58

Health: -3/39      AC:  0    Str:  9 (10) XL:     5   Next: 10%
Magic:  4/5        EV: 21    Int: 13      God:    Yredelemnul [......]
Gold:   93         SH:  0    Dex: 22      Spells: 0 memorised, 4 levels left

rFire  . . .     SeeInvis +     (weapon currently unavailable)
rCold  + . .     Gourm    .     (armour currently unavailable)
rNeg   + + .     Faith    .     (shield currently unavailable)
rPois  +         Spirit   .     (helmet currently unavailable)
rElec  .         Dismiss  +     (cloak currently unavailable)
rCorr  .         Reflect  .     (gloves currently unavailable)
SustAt .         Harm     .     (boots currently unavailable)
MR     .....                    r - amulet of dismissal
Stlth  +++++.....               (ring currently unavailable)
                                (ring currently unavailable)

@: bat-form, flying, regenerating slowly, very quick, not resistant to hostile
enchantments, quite stealthy
A: fangs 3, see invisible, (unbreathing)
a: End Transformation, Renounce Religion


You were on level 3 of the Dungeon.
You worshipped Yredelemnul.
Yredelemnul was noncommittal.
You were thirsty.
You were in vampire-bat-form.
You visited 1 branch of the dungeon, and saw 3 of its levels.

You collected 93 gold pieces.

Inventory:

Hand Weapons
 a - a +3 dagger
 b - a +0 blowgun (melded)
 f - a +0 club
 m - a +0 club
 o - a +0 club
 p - a +0 short sword
 q - a +0 club
 w - a +0 short sword
 x - a +0 dagger
 y - a cursed -2 mace
 A - a +0 hand axe
 B - a +0 whip
 C - a cursed -3 club
 D - a +0 hunting sling
 E - a +1 flail of draining
 F - a +0 flail of holy wrath
 G - a +0 halberd
 K - a cursed -2 mace
 N - a +0 falchion
 P - a +0 short sword
 R - a +0 hand axe
 S - a +0 falchion
 U - a +0 short sword
Missiles
 e - 16 poisoned needles
 j - 124 stones (quivered)
 l - 37 arrows
 T - 10 sling bullets
Armour
 c - a +0 robe
 d - a +0 cloak
 u - a +0 ring mail (melded)
 v - a +0 pair of gloves (melded)
 z - a +1 cloak (melded)
 H - a +0 ring mail
 Q - a +0 leather armour
Jewellery
 h - an uncursed amulet of inaccuracy
 r - an amulet of dismissal (around neck)
Wands
 L - a wand of paralysis (14/24)
Scrolls
 t - 3 scrolls of identify
 I - 2 scrolls of remove curse
Potions
 g - 14 potions of blood
 k - a potion of heal wounds
 J - a potion of flight
 M - a potion of brilliance
 O - a potion of might
Comestibles
 i - 3 meat rations
 n - a beef jerky
 s - 2 fruits


   Skills:
 + Level 2.4 Fighting
 + Level 2.7 Short Blades
 + Level 1.8 Throwing
 + Level 0.8 Armour
 + Level 2.8 Dodging
 + Level 7.4 Stealth


You had 4 spell levels left.
You didn't know any spells.

Dungeon Overview and Level Annotations

Branches:
Dungeon (3/15)

Altars:
Yredelemnul

Annotations:
D:3 Sigmund


Innate Abilities, Weirdness & Mutations

You heal slowly.
You have razor-sharp teeth.
You have supernaturally acute eyesight.
((You can survive without breathing.))


Message History

You turn into a vampire bat.
Your +0 blowgun melds into your body.
Your +1 cloak melds into your body.
Your +0 pair of gloves melds into your body.
Your +0 ring mail melds into your body.
Sigmund misses you. Sigmund casts a spell at you.
You are confused.
Found 14 gold pieces.
Sigmund gestures at you while chanting. You resist with some effort.
Sigmund looks more healthy.
Sigmund casts a spell at you. The magic dart hits you!
* * * LOW HITPOINT WARNING * * *
Sigmund casts a spell at you. You resist with some effort.
You feel less confused. Sigmund casts a spell at you. The magic dart hits you!
You die...
Yredelemnul claims you as an undead slave.

#.# ##..#.####### #
#.# #...........# #
#...........#### ##
#............$.. .
#...........########
+.................(.
#..............#####
#.........@.##.# #.
#..b........##.# .
#...........##.#
#.#..^........##.#
#.#...........##.#
#.............##.#
##............##.#
#...###########.#
##..##### #.#
#.......#######.#


You could see Sigmund (invisible).

Vanquished Creatures
  5 adders (D:2)
  3 gnolls (D:2)
  4 dart slugs
  2 giant geckos (D:2)
  6 orcs (D:3)
  3 ball pythons (D:1)
  7 giant cockroaches
  5 goblins
  8 hobgoblins
  6 kobolds
  A quokka (D:2)
  6 bats
  3 giant newts
  3 rats
62 creatures vanquished.

Notes
Turn   | Place    | Note
--------------------------------------------------------------
     0 | D:1      | quazi the Vampire Assassin began the quest for the Orb.
     0 | D:1      | Reached XP level 1. HP: 16/16 MP: 1/1
    10 | D:1      | Reached skill level 6 in Stealth
   158 | D:1      | Reached XP level 2. HP: 17/22 MP: 2/2
   631 | D:1      | Reached XP level 3. HP: 20/27 MP: 3/3
  1187 | D:2      | Reached skill level 7 in Stealth
  1271 | D:2      | Reached XP level 4. HP: 27/34 MP: 4/4
  1656 | D:2      | Found a basalt altar of Yredelemnul.
  1682 | D:2      | Became a worshipper of Yredelemnul the Dark
  2666 | D:3      | Reached XP level 5. HP: 39/39 MP: 5/5
  2813 | D:3      | Noticed Sigmund
  2854 | D:3      | Killed from afar by Sigmund

Skill      XL: |  1  2  3 |
---------------+----------+-----
Stealth        | 6 7 |  7.4
Fighting       | 2 |  2.4
Dodging        | 2 |  2.8
Short Blades   | |  2.7
Throwing       | |  1.8
Armour         | |  0.8

Action                   |  1- 3 |  4- 6 || total
-------------------------+-------+-------++-------
Melee: Dagger            |   107 |    73 ||   180
       Bite              |    10 |     5 ||    15
 Fire: Blowgun           |     9 |     9 ||    18
 Abil: Bat Form          |       |     1 ||     1
  Use: Scroll            |     7 |     1 ||     8
       Potion            |     6 |     5 ||    11
 Stab: Sleeping          |     7 |     8 ||    15
Armor: Robe              |     9 |       ||     9
       Ring mail         |    47 |    30 ||    77
Dodge: Dodged            |    62 |    48 ||   110
